 Dungeon Crawl Stone Soup version 0.19.1 (webtiles) character file.

1234 ChaseSP the Cleaver (level 8, -14/58 HPs)
             Began as a Formicid Fighter on Dec 4, 2016.
             Demolished by an orc warrior
             ... wielding a +0 glaive
              (26 damage)
             ... on level 6 of the Dungeon.
             The game lasted 00:08:51 (5149 turns).

ChaseSP the Cleaver (Formicid Fighter)              Turns: 5149, Time: 00:08:51

Health: -14/58     AC: 11    Str: 27    XL:     8   Next: 77%
Magic:  8/8        EV:  7    Int:  8    God:
Gold:   174        SH: 10    Dex: 11    Spells: 0 memorised, 7 levels left

rFire  . . .     SeeInvis +     L - +0 broad axe
rCold  . . .     Gourm    .     m - +0 chain mail
rNeg   + . .     Faith    .     c - +0 shield
rPois  +         Spirit   .     (helmet unavailable)
rElec  .         Reflect  .     (no cloak)
rCorr  .         Harm     .     w - +0 pair of gloves
MR     .....                    v - +0 pair of boots
Stlth  ..........               (no amulet)
                                y - ring of positive energy
                                s - ring of poison resistance

@: mighty
A: permanent stasis, dig shafts and tunnels, four strong arms, antennae 3
a: Dig, Shaft Self


You were on level 6 of the Dungeon.
You were not hungry.

You visited 1 branch of the dungeon, and saw 6 of its levels.

You collected 294 gold pieces.
You spent 120 gold pieces at shops.

Inventory:

Hand Weapons
 r - a +0 flail
 L - a +0 broad axe (weapon)
Missiles
 B - 9 bolts
Armour
 c - a +0 shield (worn)
 m - a +0 chain mail (worn)
 v - a +0 pair of boots (worn)
 w - a +0 pair of gloves (worn)
Jewellery
 i - an uncursed ring of wizardry
 s - a ring of poison resistance (left hand)
 y - a ring of positive energy (right hand)
Wands
 u - a wand of iceblast (2/15)
 C - a wand of slowing (9/48)
 J - a wand of digging (10/24)
Scrolls
 h - 4 scrolls of remove curse {unknown}
 j - 3 scrolls of magic mapping {unknown}
 l - a scroll of random uselessness {unknown}
 q - 2 scrolls of teleportation {unknown}
 t - a scroll of enchant armour {unknown}
 A - 2 scrolls of identify
 D - a scroll of noise {unknown}
Potions
 b - 3 potions of heal wounds {unknown}
 e - a potion of curing
 g - a potion of degeneration {unknown}
 n - 2 potions of brilliance
 p - 3 potions of magic {unknown}
 E - 2 potions of haste {unknown}
 I - a potion of lignification {unknown}
Books
 z - a book of Cantrips

   Spells                             Type                      Level
   a - Confusing Touch                Hexes                        1
   b - Animate Skeleton               Necromancy                   1
   c - Summon Small Mammal            Summoning                    1
   d - Apportation                    Translocation                1
 G - a book of Misfortune

   Spells                             Type                      Level
   a - Confusing Touch                Hexes                        1
   b - Confuse                        Hexes                        3
   c - Gell's Gravitas                Hexes/Translocation          3
   d - Petrify                        Transmutation/Earth          4
   e - Metabolic Englaciation         Hexes/Ice                    5
   f - Yara's Violent Unravelling     Hexes/Transmutation          5
 K - a book of Maledictions

   Spells                             Type                      Level
   a - Corona                         Hexes                        1
   b - Ensorcelled Hibernation        Hexes/Ice                    2
   c - Confuse                        Hexes                        3
   d - Tukima's Dance                 Hexes                        3
   e - Dazzling Spray                 Conjuration/Hexes            3
Comestibles
 f - 3 bread rations
 k - a beef jerky
 o - 2 meat rations
 x - a slice of pizza
 F - 6 chunks of flesh
 H - 3 fruits


   Skills:
 - Level 3.2 Fighting
 * Level 9.6 Axes
 - Level 3.2 Armour
 + Level 5.3 Shields


You had 7 spell levels left.
You didn't know any spells.

Dungeon Overview and Level Annotations

Branches:
Dungeon (6/15)
 Temple: D:4-7

Altars:
Ashenzari
Cheibriados
Dithmenos
Hepliaklqana
Sif Muna
Trog
Uskayaw
Vehumet

Shops:
D:6 (


Innate Abilities, Weirdness & Mutations

You are under a permanent stasis effect.
You can dig through walls and to a lower floor.
Your four strong arms can wield two-handed weapons with a shield.
You have a pair of large antennae on your head. (SInv)


Message History

The orc priest hits you but does no damage.
The orc warrior hits you with a glaive!
* * * LOW HITPOINT WARNING * * *
You block the orc priest's attack.
You feel better.
The orc priest hits you but does no damage.
You block the orc warrior's attack.
You feel better.
The orc priest calls down the wrath of Beogh upon you.
Beogh smites you!
* * * LOW HITPOINT WARNING * * *
Unknown command.
You feel very mighty all of a sudden. You block the orc warrior's attack.
The orc priest casts a cantrip, but nothing happens.
You hit the orc warrior.
The orc warrior is almost dead.
You hit the orc priest.
The orc warrior hits you with a glaive!!
You die...

#§..§§§§.§....# ##.......##
##.§§§..§.§§§..####.........#
...#§§§§§.§§§#.................
...##§§§§.§§#######.[.......###
######§....## #.........#
##§..## #.........# #....##
####.........#
##....#####oo............
##########......@##.........#.
#...........####.............
..########### ####..... .##
.(.. .# ... .# ## .#### ....###
≈.≈≈..#


You could see an orc warrior and an orc priest.

Vanquished Creatures
  Sigmund (D:4)
  2 ice beasts
  An ogre (D:5)
  A centaur (D:5)
  A scorpion (D:4)
  A crimson imp (D:5)
  3 orc priests
  4 orc wizards
  Terence (D:3)
  Natasha (thrice) (D:2)
  2 worker ants
  Robin (D:4)
  6 adders
  8 gnolls
  5 worms
  A dart slug (D:3)
  4 leopard geckos
  22 orcs
  4 giant cockroaches
  12 goblins
  15 hobgoblins
  5 jackals
  5 quokkas
  8 bats
  7 frilled lizards
  10 kobolds
  A leopard gecko zombie (D:5)
  8 rats
142 creatures vanquished.

Vanquished Creatures (others)
  A frilled lizard (D:2)
1 creature vanquished.

Grand Total: 143 creatures vanquished

Notes
Turn   | Place    | Note
-------+----------+-------------------------------------------
     0 | D:1      | ChaseSP the Formicid Fighter began the quest for the Orb.
     0 | D:1      | Reached XP level 1. HP: 18/18 MP: 1/1
     3 | D:1      | Noticed an electric eel
     3 | D:1      | Noticed an electric eel
   282 | D:1      | Reached XP level 2. HP: 23/24 MP: 2/2
   754 | D:1      | Reached skill level 3 in Axes
   879 | D:1      | Reached XP level 3. HP: 26/29 MP: 3/3
   914 | D:2      | Noticed Natasha
   927 | D:2      | Killed Natasha
   927 | D:2      | Reached XP level 4. HP: 25/35 MP: 4/4
   944 | D:2      | Noticed Natasha
   950 | D:2      | Killed Natasha
   950 | D:2      | Reached skill level 4 in Axes
  1113 | D:2      | Found a shattered altar of Ashenzari.
  1119 | D:2      | Noticed Natasha
  1132 | D:2      | Killed Natasha
  1132 | D:2      | Reached XP level 5. HP: 38/41 MP: 5/5
  1184 | D:2      | Found a radiant altar of Vehumet.
  1241 | D:2      | Reached skill level 5 in Axes
  1465 | D:2      | Found a snail-covered altar of Cheibriados.
  1651 | D:2      | Found a hide-covered altar of Uskayaw.
  1922 | D:3      | Found a bloodstained altar of Trog.
  1948 | D:3      | Noticed Terence
  1961 | D:3      | Killed Terence
  2005 | D:3      | Reached XP level 6. HP: 45/47 MP: 6/6
  2007 | D:3      | Reached skill level 6 in Axes
  2652 | D:4      | Noticed Robin
  2674 | D:4      | Killed Robin
  2786 | D:4      | Noticed Sigmund
  2806 | D:4      | Killed Sigmund
  2806 | D:4      | Reached skill level 7 in Axes
  2806 | D:4      | Reached XP level 7. HP: 52/52 MP: 7/7
  3240 | D:4      | Reached skill level 8 in Axes
  3455 | D:5      | Entered Level 5 of the Dungeon
  3762 | D:5      | Reached XP level 8. HP: 58/58 MP: 8/8
  3819 | D:5      | Reached skill level 9 in Axes
  4242 | D:5      | Found a hazy altar of Hepliaklqana.
  4407 | D:5      | Reached skill level 5 in Shields
  4703 | D:6      | Found a shadowy altar of Dithmenos.
  5044 | D:6      | Found a deep blue altar of Sif Muna.
  5085 | D:6      | Found Gealuff's Antique Weapon Emporium.
  5094 | D:6      | Bought a broad axe for 120 gold pieces
  5149 | D:6      | Demolished by an orc warrior

Skill      XL: |  1  2  3  4  5  6  7  8 |
---------------+-------------------------+-----
Axes           | 3 4 5 7 8 9 |  9.6
Shields        | 4 5 |  5.3
Fighting       | |  3.2
Armour         | |  3.2

Action                   |  1- 3 |  4- 6 |  7- 9 || total
-------------------------+-------+-------+-------++-------
Melee: War axe           |    88 |   212 |   196 ||   496
       Broad axe         |       |       |    13 ||    13
 Abil: Dig               |       |     2 |       ||     2
  Use: Scroll            |       |     2 |       ||     2
       Potion            |       |       |     3 ||     3
  Eat: Chunk             |       |     6 |     9 ||    15
Armor: Scale mail        |    23 |       |       ||    23
       Chain mail        |    25 |    96 |    92 ||   213
Dodge: Dodged            |    32 |    49 |    45 ||   126
Block: Shield            |    49 |   101 |   102 ||   252
